 Dungeon Crawl Stone Soup version 0.31.0-9-g3a7656b989 (webtiles) character file.

Game seed: 6955490262209485091

20498 Gottschkopf the Mimic (level 12, -15/107 HPs)
             Began as a Black Draconian Shapeshifter on Jan 31, 2024.
             Was a High Priest of Qazlal.
             Demolished by a death knight
             ... wielding a +4 broad axe
              (17 damage)
             ... on level 12 of the Dungeon.
             The game lasted 00:46:23 (11774 turns).

Gottschkopf the Mimic (DrSh)                       Turns: 11774, Time: 00:46:24

Health: -15/107    AC: 17    Str: 31    XL:     12   Next: 45%
Magic:  12/12      EV: 19    Int: 12    God:    Qazlal [*****.]
Gold:   1574       SH:  6    Dex:  9    Spells: 11/11 levels left

rFire   . .          .
                       - Unarmed
rCold   + . .        (shield currently unavailable)
rNeg    + . .        (body armour unavailable)
rPois   .            P - +0 hat
rElec   +            U - +3 cloak "Dolounkuqit" {rN+ Str+5}
rCorr   .            x - +0 pair of gloves
SInv    .            M - +0 pair of boots
Will    .....        y - amulet of regeneration
Stlth   +            g - +6 ring of strength
HPRegen 1.17/turn    n - ring of protection from cold
MPRegen 0.13/turn

%: random rage (3%), repel missiles
@: flux-form, weak-willed, protected from physical damage, hasted, glowing, very
quick
A: glow, contaminating, breathe lightning, AC +8, unfitting armour, electricity
resistance, cold-blooded, berserk 1, clumsy 1
a: Breathe Lightning, Begin Untransformation, Renounce Religion, Upheaval,
Elemental Force, Disaster Area


You were on level 12 of the Dungeon.
You worshipped Qazlal.
Qazlal was extremely pleased with you.
You were something dangerously unstable.
You visited 1 branch of the dungeon, and saw 12 of its levels.
You also visited: Bailey and Gauntlet.

You collected 1700 gold pieces.
You spent 126 gold pieces at shops.

Inventory:

Hand Weapons
 S - the +4 mace "Beast's Bane" {drain, *Slow rElec rF++ Will+++}
   (You found it in a Gauntlet)

   rF++:      It greatly protects you from fire.
   rElec:     It insulates you from electricity.
   Will+++:   It greatly increases your willpower.
   *Slow:     It may slow you when you take damage.
Missiles
 J - a curare-tipped dart (quivered)
Armour
 x - a +0 pair of gloves (worn)
 D - a +0 robe of positive energy
 M - a +0 pair of boots (worn)
 P - a +0 hat (worn)
 U - the +3 cloak "Dolounkuqit" (worn) {rN+ Str+5}
   (You found it in a Gauntlet)

   Str+5:     It affects your strength (+5).
   rN+:       It protects you from negative energy.
Magical Staves
 B - a staff of earth
 T - a staff of death
 X - a staff of conjuration
Jewellery
 e - an amulet of faith
 g - a +6 ring of strength (left hand)
 n - a ring of protection from cold (right hand)
 y - an amulet of regeneration (around neck)
 G - a ring of wizardry
 K - a ring of magical power
 N - an amulet of guardian spirit
 Q - an amulet of the acrobat
Talismans
 b - a beast talisman
 c - a flux talisman (active)
Wands
 v - a wand of flame (35)
 z - a wand of roots (3)
 F - a wand of charming (4)
 O - a wand of quicksilver (7)
Scrolls
 f - 2 scrolls of silence
 h - 2 scrolls of amnesia {unknown}
 k - 5 scrolls of brand weapon
 l - 2 scrolls of fear {unknown}
 p - 3 scrolls of fog
 r - 2 scrolls of blinking {unknown}
 s - 8 scrolls of teleportation
 t - 5 scrolls of poison
 w - 3 scrolls of revelation {unknown}
 A - 3 scrolls of vulnerability
 C - a scroll of noise {unknown}
 E - 3 scrolls of enchant armour {unknown}
 H - a scroll of summoning {unknown}
 L - a scroll of enchant weapon {unknown}
Potions
 a - a potion of lignification
 d - a potion of berserk rage
 i - 5 potions of heal wounds
 j - 5 potions of curing
 m - a potion of attraction
 o - a potion of haste
 q - 4 potions of brilliance
 u - 4 potions of magic
 R - a potion of invisibility
Miscellaneous
 I - a phial of floods
 W - a tin of tremorstones (2/2)


   Skills:
 * Level 10.5 Fighting
 * Level 10.5 Dodging
 - Level 9.5 Unarmed Combat
 + Level 11.6 Shapeshifting


You had 11 spell levels left.
You didn't know any spells.
Your spell library contained the following spells:

 Spells                   Type           Power      Damage    Failure   Level
 Apportation              Tloc           0%         N/A       32%         1
 Kiss of Death            Conj/Necr      0%         2d5       32%         1
 Magic Dart               Conj           0%         1d3       32%         1
 Sandblast                Erth           0%         2d4       32%         1
 Jinxbite                 Hex            0%         N/A       45%         2
 Searing Ray              Conj           0%         2d4       45%         2
 Static Discharge         Conj/Air       0%         3-3/arc   45%         2
 Confusing Touch          Hex            0%         N/A       69%         3
 Fugue of the Fallen      Necr           0%         N/A       69%         3
 Inner Flame              Hex/Fire       0%         N/A       69%         3
 Passwall                 Erth           0%         N/A       69%         3
 Stone Arrow              Conj/Erth      0%         3d7       69%         3
 Vampiric Draining        Necr           0%         2d6       69%         3
 Airstrike                Air            0%         2d(0-16)  97%         4
 Brom's Barrelling Bould  Conj/Erth      0%         2d3       97%         4
 Dispel Undead            Necr           0%         3d6       97%         4
 Flame Wave               Conj/Fire      0%         2d4       97%         4
 Fulminant Prism          Conj/Alch      0%         3d5       97%         4
 Sticky Flame             Fire/Alch      0%         2d4       97%         4
 Summon Lightning Spire   Summ/Air       0%         N/A       97%         4
 Alistair's Intoxication  Alch           0%         N/A       100%        5
 Irradiate                Conj/Alch      0%         3d11      100%        5
 Death Channel            Necr           0%         N/A       100%        6
 Ignition                 Fire           0%         3d3       100%        8


Dungeon Overview and Level Annotations

Branches:
Dungeon (12/15)            Temple (0/1) D:6            Lair (0/5) D:11
    Orc (0/2) D:11         Bailey (visited)         Gauntlet (visited)

Altars:
Ashenzari
Dithmenos
Gozag
Hepliaklqana
Kikubaaqudgha
Nemelex Xobeh
Qazlal
Uskayaw
Wu Jian
Xom
Yredelemnul
The Shining One

Shops:
D:10 *

Annotations:
D:9 1 runed translucent door, Tizio's ghost, novice MiFi


Innate Abilities, Weirdness & Mutations

You are something dangerously unstable.
You glow with magical radiation, making you easy to see and hit.
Foes you strike become dangerously contaminated with magical radiation.
You are incapable of wielding weapons or throwing items.
You can breathe wild blasts of lightning.
Your glossy black scales are hard. (AC +8)
You cannot fit into any form of body armour.
You are resistant to electric shocks. (rElec)
You are cold-blooded and may be slowed by cold attacks.
You sometimes lose your temper in combat.
You are clumsy. (Dex -2)


Message History

Qazlal accepts your kill.
The death knight offers itself to Yredelemnul, and fills with unholy energy.
You have turned to stone.
The skeletal warrior hits you with a +0 mace.
You feel protected from physical attacks.
A freezing wraith comes into view.
A phantasmal warrior comes into view.
The death knight hits you with a +4 broad axe.
The phantasmal warrior gestures at you.
The phantasmal warrior blinks!
The death knight hits you with a +4 broad axe!
The phantasmal warrior gestures at you.
The phantasmal warrior blinks!
The death knight hits you with a +4 broad axe!
The death knight hits you with a +4 broad axe!!
You feel more protected from physical attacks.
The death knight's dark mirror aura disappears.
The phantasmal warrior hits you!
The death knight hits you with a +4 broad axe!
You turn to flesh and can move again.
You hit the phantasmal warrior.
The phantasmal warrior begins to glow.
The phantasmal warrior is lightly damaged.
The phantasmal warrior hits you.
The death knight hits you with a +4 broad axe!
You feel more protected from physical attacks.
You barely miss the phantasmal warrior.
You tail-slap the phantasmal warrior, but do no damage.
The phantasmal warrior is lightly damaged.
The phantasmal warrior hits you.
Your willpower is stripped away!
You block the death knight's attack.
You hit the phantasmal warrior.
The phantasmal warrior glows dangerously bright.
The phantasmal warrior is lightly damaged.
The phantasmal warrior hits you!!
The death knight hits you with a +4 broad axe!
* * * LOW HITPOINT WARNING * * *
You feel yourself speed up. The phantasmal warrior hits you!!
* * * LOW HITPOINT WARNING * * *
The death knight hits you with a +4 broad axe!
You die...

#### #.# #.. #.#
#.#######.#.#
######.#........<#
.......#.......#.#
#####..#.......#.#
#....#.....#W#
##...#####.#p#
######.........#p####.#.
#......#.#######zW......
#.######.####....####.##
#.......z.##.#
#.###..........#.#
................>.....
#.##...........#.##..#
#.##.....#####.#...


You could see a death knight, a skeletal warrior, a phantasmal warrior (heavy
contam) and a freezing wraith.

Vanquished Creatures
  An orc warlord (Bailey)
  A minotaur (Gauntlet)
  8 two-headed ogres
  Erica (D:8)
  A necromancer (Gauntlet)
  An orc knight (Bailey)
  An ugly thing (D:12)
  A manticore (D:11)
  A moth of wrath (Gauntlet)
  A kobold demonologist (D:10)
  2 trolls
  A wolf spider simulacrum (Gauntlet)
  2 water elementals (D:11)
  4 wyverns (D:7)
  A shadow (D:12)
  16 yaks
  A basilisk (D:12)
  A steam dragon (D:7)
  2 vampire mosquitoes (D:11)
  3 water moccasins
  2 acid dragons
  An ice beast (D:7)
  6 sky beasts (D:7)
  15 orc warriors
  2 black bears
  An ice dragon simulacrum (Gauntlet)
  2 ogres
  8 centaurs
  A crocodile (D:7)
  7 wolves (Gauntlet)
  4 kobold brigands
  A gnoll sergeant (D:9)
  5 bullfrogs
  2 scorpions (D:6)
  9 wights
  4 killer bees (D:9)
  An electric eel (D:11)
  7 howler monkeys
  A bombardier beetle (D:7)
  A jelly (D:8)
  3 orc priests
  3 hounds
  A gnoll bouda (D:4)
  7 sleepcaps
  Natasha (thrice) (D:3)
  4 iguanas
  4 orc wizards
  2 killer bee zombies (D:7)
  A boggart simulacrum (Gauntlet)
  14 gnolls
  2 adders
  2 white imps
  3 dart slugs
  4 ribbon worms
  35 orcs
  6 ball pythons
  8 endoplasms
  6 giant cockroaches
  16 goblins
  18 hobgoblins
  7 jackals (D:1)
  21 kobolds
  4 quokkas
  5 bats
  3 frilled lizards
  7 rats
319 creatures vanquished.

Notes
Turn   | Place    | Note
-------+----------+-------------------------------------------
     0 | D:1      | Gottschkopf the Draconian Shapeshifter began the quest for
                  | the Orb.
     0 | D:1      | Reached XP level 1. HP: 16/16 MP: 1/1
   146 | D:1      | Reached XP level 2. HP: 23/23 MP: 2/2
   752 | D:1      | Found a faded altar of an unknown god.
   814 | D:1      | Reached XP level 3. HP: 27/28 MP: 3/3
  1372 | D:2      | Reached skill level 4 in Shapeshifting
  1953 | D:3      | Found an opulent altar of Gozag.
  2127 | D:3      | Found a stormy altar of Qazlal.
  2127 | D:3      | Noticed Natasha
  2316 | D:3      | Reached XP level 4. HP: 22/35 MP: 4/4
  2722 | D:3      | Became a worshipper of Qazlal Stormbringer
  2777 | D:3      | Found an ancient bone altar of Kikubaaqudgha.
  2861 | D:3      | Killed Natasha
  3195 | D:3      | Noticed Natasha
  3202 | D:3      | Killed Natasha
  3203 | D:3      | Reached XP level 5. HP: 26/40 MP: 5/5
  3255 | D:3      | Noticed Natasha
  3266 | D:3      | Killed Natasha
  3267 | D:3      | Reached skill level 5 in Shapeshifting
  3717 | D:4      | Reached XP level 6. HP: 47/47 MP: 6/6
  3750 | D:4      | Found a basalt altar of Yredelemnul.
  4035 | D:4      | Reached skill level 6 in Shapeshifting
  4070 | D:4      | Reached * piety under Qazlal
  4563 | D:5      | Entered Level 5 of the Dungeon
  4663 | D:5      | Your scales start taking on a glossy black colour.
  4663 | D:5      | Reached XP level 7. HP: 51/52 MP: 7/7
  4663 | D:5      | Gained mutation: You are resistant to electric shocks.
                  | (rElec) [Black Draconian growth]
  4744 | D:5      | Reached skill level 7 in Shapeshifting
  4747 | D:5      | Found a shimmering altar of Xom.
  5575 | D:6      | Reached skill level 5 in Unarmed Combat
  5621 | D:6      | Found a staircase to the Ecumenical Temple.
  5660 | D:6      | Noticed a +0 falchion
  5661 | D:6      | Noticed a +0 dagger
  5661 | D:6      | Noticed a +0 short sword
  5662 | D:6      | Noticed a +0 falchion
  5662 | D:6      | Noticed a +0 spear
  5663 | D:6      | Noticed a +0 spear
  5664 | D:6      | Noticed a +0 short sword
  5665 | D:6      | Noticed a +0 dagger
  5702 | D:6      | Found a hide-covered altar of Uskayaw.
  5708 | D:6      | Reached XP level 8. HP: 64/64 MP: 8/8
  6017 | D:6      | Found a shadowy altar of Dithmenos.
  6018 | D:6      | Found a hazy altar of Hepliaklqana.
  6222 | D:7      | Reached skill level 5 in Fighting
  6273 | D:7      | Reached ** piety under Qazlal
  6295 | D:7      | Reached XP level 9. HP: 48/75 MP: 9/9
  6350 | D:7      | Noticed a two-headed ogre
  6364 | D:7      | Killed a two-headed ogre
  6586 | D:7      | Found a sparkling altar of Nemelex Xobeh.
  6786 | D:7      | Reached XP level 10. HP: 72/86 MP: 10/10
  6905 | D:7      | Found an ornate altar of the Wu Jian Council.
  6941 | D:7      | Reached skill level 5 in Dodging
  6941 | D:7      | Reached skill level 8 in Shapeshifting
  7133 | D:7      | Noticed a two-headed ogre
  7191 | D:7      | Killed a two-headed ogre
  7406 | D:8      | Reached *** piety under Qazlal
  7572 | D:8      | Noticed a two-headed ogre
  7580 | D:8      | Killed a two-headed ogre
  7581 | D:8      | Reached skill level 9 in Shapeshifting
  7619 | D:8      | Noticed Erica
  7636 | D:8      | Killed Erica
  7807 | D:8      | Noticed a two-headed ogre
  7825 | D:9      | Found a runed translucent door.
  7830 | D:9      | Noticed Tizio's ghost (novice MiFi)
  8010 | D:8      | Reached XP level 11. HP: 88/92 MP: 11/11
  8113 | D:8      | Killed a two-headed ogre
  8114 | D:8      | Reached skill level 10 in Shapeshifting
  8259 | D:9      | Noticed a two-headed ogre
  8266 | D:9      | Killed a two-headed ogre
  8274 | D:9      | Reached **** piety under Qazlal
  8484 | D:9      | Found a glowing golden altar of the Shining One.
  8981 | D:10     | Entered Level 10 of the Dungeon
  8981 | D:10     | Found a flagged portal.
  9008 | Bailey   | Entered a bailey
  9147 | Bailey   | Noticed an orc knight
  9166 | Bailey   | Killed an orc knight
  9175 | Bailey   | Noticed an orc warlord
  9192 | Bailey   | Killed an orc warlord
  9320 | Bailey   | Acquired 797 gold pieces
  9370 | Bailey   | Reached skill level 11 in Shapeshifting
  9468 | D:10     | Found Aka Mue's General Store.
  9476 | D:10     | Bought a scroll of vulnerability for 56 gold pieces
  9476 | D:10     | Bought a scroll of identify for 28 gold pieces
  9476 | D:10     | Bought a scroll of teleportation for 42 gold pieces
  9498 | D:10     | Gained mutation: You are strong-willed. (Will+) [potion of
                  | mutation]
  9498 | D:10     | Gained mutation: Your magical capacity is low. (-10% MP)
                  | [potion of mutation]
  9709 | D:10     | Found a broken altar of Ashenzari.
 10409 | D:11     | Found a staircase to the Lair.
 10445 | D:11     | Noticed a two-headed ogre
 10457 | D:11     | Killed a two-headed ogre
 10458 | D:11     | Reached XP level 12. HP: 90/104 MP: 10/10
 10458 | D:11     | Noticed a two-headed ogre
 10460 | D:11     | Reached ***** piety under Qazlal
 10477 | D:11     | Killed a two-headed ogre
 10646 | D:11     | Found a staircase to the Orcish Mines.
 11054 | D:12     | Found a gate leading to a gauntlet.
 11067 | D:12     | Noticed a two-headed ogre
 11074 | Gauntlet | Entered a Gauntlet
 11074 | Gauntlet | Found a transporter.
 11074 | Gauntlet | Found a transporter.
 11082 | Gauntlet | Found a transporter.
 11086 | Gauntlet | Found a transporter.
 11090 | Gauntlet | Found a runed translucent door.
 11090 | Gauntlet | Found a runed translucent door.
 11094 | Gauntlet | Found a transporter.
 11098 | Gauntlet | Found a transporter.
 11106 | Gauntlet | Found a transporter.
 11123 | Gauntlet | Found a transporter.
 11137 | Gauntlet | Found a transporter.
 11141 | Gauntlet | Found a transporter.
 11149 | Gauntlet | Found a transporter.
 11153 | Gauntlet | Found a transporter.
 11154 | Gauntlet | Found a runed translucent door.
 11214 | Gauntlet | Reached skill level 10 in Dodging
 11277 | Gauntlet | Identified the +4 mace "Beast's Bane" {drain, *Slow rElec
                  | rF++ Will+++}
 11317 | Gauntlet | Reached skill level 10 in Fighting
 11329 | Gauntlet | Identified the +3 cloak "Dolounkuqit" {rN+ Str+5}
 11349 | Gauntlet | Noticed a minotaur
 11363 | Gauntlet | Killed a minotaur
 11367 | Gauntlet | Got the Lessons on Diablerie
 11385 | D:12     | Killed a two-headed ogre
 11387 | D:12     | Lost mutation: Your magical capacity is low. (-10% MP)
                  | [potion of mutation]
 11387 | D:12     | Lost mutation: You are strong-willed. (Will+) [potion of
                  | mutation]
 11387 | D:12     | Gained mutation: Your mind is acute. (Int +4, Str/Dex -1)
                  | [potion of mutation]
 11387 | D:12     | Gained mutation: You are weak. (Str -2) [potion of
                  | mutation]
 11619 | D:12     | Lost mutation: Your mind is acute. (Int +4, Str/Dex -1)
                  | [potion of mutation]
 11619 | D:12     | Lost mutation: You are weak. (Str -2) [potion of mutation]
 11619 | D:12     | Gained mutation: You sometimes lose your temper in combat.
                  | [potion of mutation]
 11619 | D:12     | Gained mutation: You are clumsy. (Dex -2) [potion of
                  | mutation]
 11758 | D:12     | Noticed a death knight
 11774 | D:12     | HP: 2/107 [phantasmal warrior[a death knight] (28)]
 11774 | D:12     | Demolished by a death knight

Illustrated notes

Levels and vault maps discovered:
D:1:      lightli_arrival_quake, layout_loops_corners,
          ebering_ecumenical_altar_webs, chequers_serial_rivers_large_a,
          minmay_close_crescents
D:2:      cheibrodos_old_hovel, layout_basic
D:3:      layout_basic, kiku_gazebo_garden_becter, lemuel_tele_altar,
          grunt_gozag_breadcrumbs, uniq_natasha
D:4:      layout_layer_cave, lemuel_round_altar,
          mainiacjoe_sewer_entry_somewhere_in_here_2,
          chequers_serial_rivers_marsh
D:5:      layout_basic, tgw_xom, chequers_arboretum
D:6:      layout_basic, riverfiend_overflow_shadow_ancestor,
          nicolae_uskayaw_en_pointe, minmay_temple_entry_large_hall,
          nicolae_letterblocks [nicolae_letter_subblock,
          nicolae_letter_subblock, nicolae_letter_subblock,
          nicolae_letter_subblock, nicolae_letter_subblock,
          nicolae_letter_subblock, nicolae_letter_subblock,
          nicolae_letter_subblock, nicolae_letter_subblock,
          nicolae_letter_subblock, nicolae_letter_subblock,
          nicolae_letter_subblock, nicolae_letter_subblock,
          nicolae_letter_subblock, nicolae_letter_subblock,
          nicolae_letter_subblock, nicolae_letter_subblock,
          nicolae_letter_subblock, nicolae_letter_subblock,
          nicolae_letter_subblock, nicolae_letter_subblock,
          nicolae_letter_subblock, nicolae_letter_subblock,
          nicolae_letter_subblock, nicolae_letter_subblock]
D:7:      regret_index_malice_mire, layout_basic, kennysheep_little_box,
          nicolae_wu_jian_immortal_techniques
D:8:      layout_cave_pools, st_stairs_5, hangedman_decor_push, uniq_erica
D:9:      layout_basic, tso_oasis_becter, hellmonk_ghost_happy_afterlife
D:10:     layout_cave_pods, ashenzari_conservatory_becter, enter_bailey_2,
          serial_shops, shop, minivault_1, amcnicky_mini_corridor_feature
D:11:     layout_basic, lair_entry_dummy, david_orc_3, minivault_14,
          kennysheep_generic_room_6
D:12:     layout_basic, gauntlet_entry_generic

Skill      XL: |  1  2  3  4  5  6  7  8  9 10 11 12 |
---------------+-------------------------------------+-----
Dodging        | 2 3 4 7 9 10 | 10.5
Shapeshifting  | 4 5 6 7 9 11 | 11.6
Fighting       | 3 5 7 9 10 | 10.5
Unarmed Combat | 5 8 9 |  9.5

Action                     |  1- 3 |  4- 6 |  7- 9 | 10-12 || total
---------------------------+-------+-------+-------+-------++-------
  Melee: Unarmed           |   102 |   173 |   226 |   557 ||  1058
         Tailslap          |    18 |    23 |    42 |   102 ||   185
         Punch             |     1 |     1 |       |     3 ||     5
 Invoke: Upheaval          |       |       |       |     1 ||     1
Ability: Begin Untransform |     1 |       |       |       ||     1
         Breathe Lightning |       |       |     1 |     8 ||     9
  Evoke: Wand              |       |       |       |     1 ||     1
    Use: Scroll            |       |     3 |     3 |     9 ||    15
         Potion            |       |     1 |       |     9 ||    10
   Stab: Sleeping          |     3 |       |       |       ||     3
 Armour: Skin              |    39 |    94 |    90 |   246 ||   469
  Dodge: Dodged            |    53 |   101 |   178 |   394 ||   726
  Block: Other             |       |     1 |     9 |   106 ||   116
   Form: Beast             |     1 |       |       |       ||     1
         Flux              |       |     1 |       |       ||     1
